 Dungeon Crawl Stone Soup version 0.20-a0-514-g839ffe0 (webtiles) character file.

17606 Lahna the Basher (level 12, -7/79 HPs)
             Began as a Gargoyle Fighter on Jan 24, 2017.
             Was the Champion of Okawaru.
             Killed from afar by Harold (31 damage)
             ... with a bolt of fire
             ... on level 11 of the Dungeon.
             The game lasted 00:28:22 (14260 turns).

Lahna the Basher (Gargoyle Fighter)                Turns: 14260, Time: 00:28:23

Health: -7/79      AC: 29    Str: 24    XL:     12   Next: 49%
Magic:  14/15      EV: 10    Int: 10    God:    Okawaru [******]
Gold:   403        SH: 16    Dex: 17    Spells: 11/11 levels left

rFire    . . .     SeeInvis .   A - +1 flail (crush)
rCold    . . .     Gourm    .   t - +4 scale mail {rPois}
rNeg     + . .     Faith    .   c - +0 shield
rPois    ∞         Spirit   .   N - +1 helmet
rElec    +         Reflect  +   C - +2 cloak
rCorr    .         Harm     .   e - +0 pair of gloves
MR       +....                  (no boots)
Stlth    ..........             I - amulet "Ciewe" {Reflect Str+4 SH+3}
Regen    0.3/turn               G - ring of protection from magic
                                J - +4 ring of dexterity

@: very slightly contaminated, hasted, very quick
A: negative energy resistance 1, electricity resistance, unbreathing,
petrification resistance, rot immunity, AC +8
a: Heroism, Finesse, Renounce Religion


You were on level 11 of the Dungeon.
You worshipped Okawaru.
Okawaru was exalted by your worship.
You were not hungry.

You visited 2 branches of the dungeon, and saw 13 of its levels.
You also visited: Sewer.

You collected 776 gold pieces.
You spent 373 gold pieces at shops.

Inventory:

Hand Weapons
 w - a +1 whip of flaming
 A - a +1 flail of crushing (weapon)
Armour
 c - a +0 shield (worn)
 e - a +0 pair of gloves (worn)
 t - a +4 scale mail of poison resistance (worn)
 C - a +2 cloak (worn)
 N - a +1 helmet (worn)
Jewellery
 G - a ring of protection from magic (right hand)
 I - the amulet "Ciewe" (around neck) {Reflect Str+4 SH+3}
   (You bought it in a shop on level 7 of the Dungeon)

   [amulet of reflection]

   It shields you and reflects attacks.
   It affects your strength (+4).
   It affects your SH (+3).
 J - a +4 ring of dexterity (left hand)
 P - an uncursed ring of protection from fire
Wands
 b - a wand of confusion (29/48)
 p - a wand of confusion (25/48)
 H - a wand of digging (13/24)
 M - a wand of paralysis (13/24)
 R - a wand of flame (7/48)
 S - a wand of lightning (8/15)
 T - a wand of acid (5/15)
Scrolls
 i - 5 scrolls of blinking
 k - 2 scrolls of immolation {unknown}
 l - a scroll of fear {unknown}
 m - 7 scrolls of teleportation
 n - 7 scrolls of remove curse
 v - 6 scrolls of enchant weapon
 y - 5 scrolls of enchant armour
 D - a scroll of random uselessness {unknown}
 E - 2 scrolls of magic mapping {unknown}
 K - 2 scrolls of recharging {unknown}
 O - a scroll of identify
 W - 2 scrolls of fog
Potions
 a - 3 potions of flight
 d - a potion of might
 h - a potion of haste
 j - 3 potions of agility
 o - a potion of berserk rage
 q - 11 potions of curing
 s - 3 potions of cure mutation
 x - a potion of heal wounds
 z - a potion of invisibility {unknown}
 F - 3 potions of lignification
 L - a potion of ambrosia
Books
 r - a book of Minor Magic

   Spells                             Type                      Level
   a - Magic Dart                     Conjuration                  1
   b - Blink                          Translocation                2
   c - Call Imp                       Summoning                    2
   d - Repel Missiles                 Charms/Air                   2
   e - Slow                           Hexes                        2
   f - Conjure Flame                  Conjuration/Fire             3
   g - Mephitic Cloud                 Conjuration/Poison/Air       3
Comestibles
 f - 15 bread rations
 g - 5 meat rations
 u - 5 fruits
 B - 3 royal jellies


   Skills:
 + Level 10.7 Fighting
 + Level 11.2 Maces & Flails
 + Level 10.7 Armour
 - Level 1.0 Dodging
 + Level 10.6 Shields
 + Level 5.2 Invocations


You had 11 spell levels left.
You didn't know any spells.

Dungeon Overview and Level Annotations

Branches:
Dungeon (12/15)            Temple (0/1) D:5            Lair (1/6) D:9
    Orc (0/2) D:9

Altars:
Fedhas
Okawaru
Qazlal
Trog
Uskayaw
Beogh

Shops:
D:6 *[   D:7 =

Annotations:
D:4 Lahna's ghost, novice GrFi
D:11 Harold
Lair:1 exclusion: oklob plant


Innate Abilities, Weirdness & Mutations

You are resistant to torment.
Your stone body is resilient. (AC +8)
You are immune to poison.
You resist negative energy. (rN+)
You are resistant to electric shocks. (rElec)
You can survive without breathing.
You are immune to petrification.
You are immune to rotting.


Message History

* * * LOW HITPOINT WARNING * * *
You block the black bear's attack. The black bear completely misses you.
You closely miss the black bear.
The black bear is heavily wounded.
You hit the black bear.
The black bear is severely wounded.
The black bear goes berserk!
Harold throws a throwing net.
You reflect the throwing net off an invisible shield around you!
The throwing net hits Harold.
Harold is caught in the net!
Harold struggles against the net.
You bludgeon the black bear!!
You kill the black bear!
Okawaru accepts your kill.
Harold struggles against the net.
You see here a black bear corpse.
Harold struggles against the net.
You feel like a meek peon again.
Harold points at you and mumbles some strange words.
The bolt of fire hits you!
You die...

░8...8░ ░8...8░................
░░...░░░░░...░░......).........
░░...░░⌠░░...░░...............
░░...........░░........░░...░
░8...........8░........░ ...
░░...........░░..†.....░
░░░8░░░⌠░░░8░░░........░ ░ ░░░
░░░ ░░ ░^.......░ ░ ░.@░░░░░░░
░░.░░░ ░.░8░░░8░░ ░@(§§.h..%
░...§§§D.. ░..(......
░.░8░░░8░░ ░.░░░ ░ ░..


You could see Harold (caught).

Vanquished Creatures
  Josephine (D:10)
  A two-headed ogre (D:11)
  Urug (D:10)
  An unseen horror (D:10)
  Pikel (D:5)
  The ghost of Lahna the Shield-Bearer, a novice FoFi of Cheibriados (D:5)
  A cyclops (D:11)
  Maurice (D:10)
  A black mamba (Lair:1)
  4 spiny frogs (Lair:1)
  A kobold demonologist (D:11)
  3 trolls
  A hornet (D:12)
  A blink frog (Lair:1)
  2 hippogriffs
  A spriggan (D:8)
  4 wraiths (D:10)
  14 yaks
  A hungry ghost (D:11)
  A steam dragon (D:11)
  3 vampire mosquitoes (D:10)
  A soldier ant (D:11)
  2 water moccasins
  2 porcupines (Lair:1)
  9 orc warriors
  4 sky beasts
  3 ice beasts
  2 black bears (D:11)
  7 ogres
  2 necrophages
  4 centaurs
  5 crocodiles
  3 big kobolds
  6 bullfrogs
  Blork the orc (D:4)
  2 gnoll sergeants
  2 scorpions
  A water moccasin skeleton (D:7)
  5 howler monkeys
  5 crimson imps
  6 hounds
  2 jellies
  2 centaur skeletons
  8 orc priests
  5 bullfrog skeletons
  2 gnoll shamans
  2 iguanas
  Ijyb (D:2)
  8 orc wizards
  9 worker ants
  2 hound zombies
  2 howler monkey zombies
  2 worker ant zombies
  2 howler monkey skeletons (D:5)
  20 gnolls
  15 adders
  6 river rats
  3 shadow imps
  2 oozes
  2 adder zombies
  An adder skeleton (D:4)
  3 worms
  3 dart slugs
  8 leopard geckos
  46 orcs
  9 giant cockroaches
  8 goblins
  4 hobgoblins (D:1)
  8 jackals
  4 quokkas
  6 ball pythons
  5 bats
  13 frilled lizards
  37 kobolds
  2 quokka skeletons
  23 rats
392 creatures vanquished.

Vanquished Creatures (others)
  A slave (D:5)
  A hound (D:5)
  2 adders
  6 orcs
  2 goblins (D:5)
  A hobgoblin (D:5)
  A kobold (D:5)
  2 plants (Lair:1)
16 creatures vanquished.

Grand Total: 408 creatures vanquished

Notes
Turn   | Place    | Note
-------+----------+-------------------------------------------
     0 | D:1      | Lahna the Gargoyle Fighter began the quest for the Orb.
     0 | D:1      | Reached XP level 1. HP: 14/14 MP: 1/1
    20 | D:1      | Reached XP level 2. HP: 10/19 MP: 2/2
   443 | D:1      | Found a stormy altar of Qazlal.
   465 | D:1      | Reached XP level 3. HP: 24/24 MP: 3/3
  1056 | D:2      | Reached XP level 4. HP: 29/29 MP: 4/4
  1106 | D:2      | Found a blossoming altar of Fedhas.
  1188 | D:2      | Noticed Ijyb
  1210 | D:2      | Killed Ijyb
  1902 | D:3      | Reached skill level 3 in Maces & Flails
  1907 | D:3      | Reached XP level 5. HP: 33/33 MP: 5/5
  1947 | D:3      | Found a glowing drain.
  1951 | Sewer    | Entered a sewer
  2790 | Sewer    | Reached XP level 6. HP: 23/39 MP: 6/6
  3660 | D:4      | Noticed Blork the orc
  3671 | D:4      | Killed Blork the orc
  3679 | D:4      | Reached skill level 4 in Maces & Flails
  3867 | D:4      | Found an iron altar of Okawaru.
  3884 | D:4      | Reached skill level 5 in Fighting
  3967 | D:4      | Became a worshipper of Warmaster Okawaru
  4011 | D:4      | Noticed Lahna's ghost (novice GrFi)
  4459 | D:4      | Reached skill level 5 in Armour
  4459 | D:4      | Reached XP level 7. HP: 39/44 MP: 7/7
  4613 | D:4      | Found a stormy altar of Qazlal.
  4813 | D:5      | Entered Level 5 of the Dungeon
  4952 | D:5      | Noticed Pikel
  4974 | D:5      | Killed Pikel
  4974 | D:5      | Reached * piety under Okawaru
  4974 | D:5      | Reached skill level 5 in Shields
  4974 | D:5      | Reached XP level 8. HP: 33/51 MP: 7/9
  5107 | D:5      | Reached skill level 5 in Maces & Flails
  5154 | D:5      | Reached ** piety under Okawaru
  5539 | D:5      | Noticed Lahna's ghost (novice FoFi)
  5570 | D:5      | Killed Lahna's ghost
  5570 | D:5      | Reached XP level 9. HP: 17/56 MP: 10/12
  5877 | D:5      | Found a staircase to the Ecumenical Temple.
  6758 | D:6      | Found Coosych's General Store.
  6842 | D:6      | Reached *** piety under Okawaru
  6842 | D:6      | Reached skill level 6 in Maces & Flails
  7122 | D:6      | Found a bloodstained altar of Trog.
  7356 | D:6      | Found Kixti's Armour Shop.
  7525 | D:6      | Reached skill level 5 in Invocations
  7886 | D:7      | Found Opleicw's Jewellery Shoppe.
  7931 | D:7      | Bought the amulet "Ciewe" {Reflect Str+4 SH+3} for 373 gold pieces
  8158 | D:7      | Reached **** piety under Okawaru
  8188 | D:7      | Reached XP level 10. HP: 64/64 MP: 13/13
  8575 | D:8      | Reached skill level 7 in Maces & Flails
  9230 | D:9      | Found a hide-covered altar of Uskayaw.
  9398 | D:9      | Found a roughly hewn altar of Beogh.
  9398 | D:9      | Found a staircase to the Orcish Mines.
  9411 | D:9      | Reached ***** piety under Okawaru
  9467 | D:9      | Found a staircase to the Lair.
  9489 | D:9      | Got a jewelled war axe
  9490 | D:9      | Identified the +3 war axe of the Many Princes {chop, rC- Str-5 Int+3 Dex+3} (You found it on level 9 of the Dungeon)
 10012 | Lair:1   | Entered Level 1 of the Lair of Beasts
 10064 | Lair:1   | Noticed a spiny frog
 10076 | Lair:1   | Killed a spiny frog
 10076 | Lair:1   | Reached skill level 8 in Maces & Flails
 10308 | Lair:1   | Reached XP level 11. HP: 71/71 MP: 14/14
 10315 | Lair:1   | Reached skill level 9 in Maces & Flails
 10564 | Lair:1   | Reached skill level 10 in Maces & Flails
 10769 | Lair:1   | Reached skill level 1 in Dodging
 11313 | Lair:1   | Noticed an oklob plant
 11837 | D:10     | Entered Level 10 of the Dungeon
 11885 | D:10     | Reached ****** piety under Okawaru
 11904 | D:10     | Found an iron altar of Okawaru.
 11993 | D:10     | Received a gift from Okawaru
 12093 | D:10     | Noticed Maurice
 12145 | D:10     | Killed Maurice
 12252 | D:10     | Killed an unseen horror
 12293 | D:10     | Noticed Urug
 12316 | D:10     | Killed Urug
 12686 | D:10     | Reached skill level 10 in Shields
 12698 | D:10     | Noticed Josephine
 12723 | D:10     | Killed Josephine
 12723 | D:10     | Reached skill level 10 in Fighting
 12723 | D:10     | Reached skill level 10 in Armour
 12723 | D:10     | Reached XP level 12. HP: 30/77 MP: 13/15
 13234 | D:11     | Noticed a two-headed ogre
 13255 | D:11     | Killed a two-headed ogre
 13255 | D:11     | Reached skill level 11 in Maces & Flails
 14230 | D:11     | Noticed Harold
 14260 | D:11     | Killed from afar by Harold

Vault maps used:
D:1:      dpeg_arrival_rooms_c, kennysheep_flooded_box
D:2:      old_standard_altar, roderic_lattice_a, uniq_iyjb
D:3:      gup_sewer_entry_spiral, first_bread
D:4:      nicolae_qazlal_eye_of_the_storm, okawaru_ov_weapons_minmay,
          uniq_blork_the_orc
D:5:      corexii_shantytown, minmay_temple_entry_statues, st_stairs_9,
          kennysheep_decorative_pillar, uniq_pikel
D:6:      basic_altar, serial_shops, shop, nicolae_shop_window_shopping,
          abandoned_shop
D:7:      serial_shops, nicolae_shop_waterfront, minmay_tree_intersection
D:8:      the_bakery
D:9:      nicolae_overflow_hidden_temple, eat_drink_and_be_merry_uskayaw,
          lair_entry_dummy, david_orc_5
D:10:     basic_altar, uniq_josephine, uniq_urug, uniq_maurice
D:11:     serial_corexii_hall, corexii_hall_statues_x, corexii_hall_statues_u,
          portal_ice_cave_entry_pillars_1, uniq_harold
Lair:1:   small_statue_intersection, st_stairs_8, minmay_lair_oklob_chamber
Sewer:    sewer_minmay_treatment

Skill      XL: |  1  2  3  4  5  6  7  8  9 10 11 12 |
---------------+-------------------------------------+-----
Armour         | 4 5 6 7 9 10 | 10.7
Fighting       | 4 5 6 7 9 10 | 10.7
Maces & Flails | 3 4 5 6 8 10 11 | 11.2
Shields        | 4 5 6 7 9 10 | 10.6
Invocations    | 2 4 5 |  5.2
Dodging        | 1 |  1.0

Action                   |  1- 3 |  4- 6 |  7- 9 | 10-12 || total
-------------------------+-------+-------+-------+-------++-------
Melee: Flail             |   106 |   403 |   261 |   850 ||  1620
       Whip              |       |       |   313 |       ||   313
Invok: Heroism           |       |       |     1 |     7 ||     8
  Use: Potion            |       |     1 |     1 |     4 ||     6
       Scroll            |       |     6 |     5 |     8 ||    19
  Eat: Chunk             |     1 |    11 |    27 |    10 ||    49
       Royal jelly       |       |       |       |     1 ||     1
       Meat ration       |       |       |       |     1 ||     1
Armor: Scale mail        |    50 |   338 |   248 |   321 ||   957
       Ring mail         |       |       |       |    42 ||    42
Dodge: Dodged            |    42 |   219 |   167 |   250 ||   678
Block: Shield            |    61 |   324 |   283 |   738 ||  1406
       Reflection        |       |       |     2 |    13 ||    15
